 Dungeon Crawl Stone Soup version 0.30-a0-322-g102857c98e (webtiles) character file.

Game seed: 1344966684070740218

78 jlumianski the Covered (level 4, -1/35 HPs)
             Began as a Demonspawn Fighter on Oct 27, 2022.
             Slain by Sigmund
             ... wielding a +0 scythe
              (8 damage)
             ... on level 2 of the Dungeon.
             The game lasted 00:06:41 (1464 turns).

jlumianski the Covered (Demonspawn Fighter)         Turns: 1464, Time: 00:06:42

Health: -1/35      AC:  7    Str: 18    XL:     4   Next: 15%
Magic:  4/4        EV:  9    Int:  9    God:
Gold:   114        SH:  4    Dex: 13    Spells: 3/3 levels left

rFire   . . .      SeeInvis .    a - +0 war axe
rCold   . . .      Faith    .    c - +0 buckler
rNeg    . . .      Spirit   .    b - +0 scale mail
rPois   .          Reflect  .    (no helmet)
rElec   .          Harm     .    (no cloak)
rCorr   .          Rampage  .    (no gloves)
Will    .....                    (no boots)
Stlth   ..........               (no amulet)
HPRegen 0.25/turn                (no ring)
MPRegen 0.09/turn                (no ring)

@: mighty
A: hooves 1, sharp scales 1
a: no special abilities


You were on level 2 of the Dungeon.
You visited 1 branch of the dungeon, and saw 4 of its levels.

You collected 114 gold pieces.

Inventory:

Hand Weapons
 a - a +0 war axe (weapon)
 g - a +2 hand axe of flaming
Missiles
 f - 3 poisoned darts (quivered)
Armour
 b - a +0 scale mail (worn)
 c - a +0 buckler (worn)
Scrolls
 j - a scroll of poison {unknown}
 k - a scroll of brand weapon {unknown}
Potions
 e - a potion of mutation
 h - a potion of attraction
 i - a potion of ambrosia {unknown}


   Skills:
 + Level 3.3 Fighting
 + Level 2.7 Axes
 + Level 0.1 Throwing
 + Level 3.4 Armour
 + Level 0.1 Dodging
 + Level 0.3 Stealth
 + Level 3.0 Shields


You had 3 spell levels left.
You didn't know any spells.
Your spell library contained the following spells:

 Spells                   Type           Power      Damage    Failure   Level
 Sublimation of Blood     Necr           0%         N/A       94%         2
 Wereblood                Tmut           0%         N/A       94%         2
 Summon Hydra             Summ           0%         N/A       100%        7


Dungeon Overview and Level Annotations

Branches:
Dungeon (4/15)
 Temple: D:4-7

Altars:

Shops:
D:1 *

Annotations:
D:2 Sigmund


Innate Abilities, Weirdness & Mutations

You have large cloven feet.
You are partially covered in razor-sharp scales. (AC +1, Slay +1)


Message History

You kill the worm!
Your life force feels restored.
Sigmund the Dreaded comes into view.
He is wielding a +0 scythe and carrying a wand of roots (6).
Sigmund shouts!
Sigmund moves out of view.
You see here a worm corpse.
You barely miss the rat. The rat barely misses you.
The rat bites you but does no damage.
You slash the rat!
You kill the rat!
Sigmund gestures at you while chanting.
You are confused.
Sigmund gestures at you while chanting. You resist with some effort.
Okay, then.
You bump into the rock wall.
You feel less confused.
Okay, then.
Unknown command.
Okay, then.
You feel very mighty all of a sudden.
Sigmund gestures wildly while chanting.
Sigmund flickers and vanishes!
Deactivating autopickup; reactivate with Ctrl-A.
Something hits you. Something hits you.
You slash something! Your kick misses something. You completely miss something.
Your kick misses something.
You hear some strange, mumbled words.
Something tries to affect you, but you resist.
You hear some strange, mumbled words.
A magic dart appears from out of thin air!
The magic dart hits you!
You closely miss something. You block something's attack.
You closely miss something. Something hits you.
You miss something. Something hits you.
You closely miss something. You kick something! Something hits you!
* * * LOW HITPOINT WARNING * * *
You barely miss something. Something hits you!
You die...

........########
#######.# ## #. #.# #.
#. ##'## #. #. ##...##
#. #.# ##.....## #.
#..## ##.......## #.
##...####....†....###.
#....@..'.........+...
##..{####.........####
#....# ##.......## #
####.#####.....## #
#....@..###...## #
#.##.##.# ##+## # #
#.##.# # #.##@####.##
#...†(......


There were no monsters in sight!

Vanquished Creatures
  A gnoll (D:2)
  2 adders (D:2)
  2 worms (D:2)
  2 dart slugs (D:1)
  4 ball pythons (D:1)
  5 bats (D:1)
  5 endoplasms
  A giant cockroach (D:1)
  6 goblins
  2 hobgoblins (D:1)
  2 jackals (D:1)
  A quokka (D:1)
  A frilled lizard (D:1)
  2 kobolds (D:2)
  4 rats
40 creatures vanquished.

Notes
Turn   | Place    | Note
-------+----------+-------------------------------------------
     0 | D:1      | jlumianski the Demonspawn Fighter began the quest for the
                  | Orb.
     0 | D:1      | Reached XP level 1. HP: 18/18 MP: 1/1
    75 | D:1      | Found Jataroph's General Store.
   193 | D:1      | Gained mutation: You are partially covered in razor-sharp
                  | scales. (AC +1, Slay +1) [demonic ancestry]
   193 | D:1      | Reached XP level 2. HP: 24/24 MP: 2/2
   527 | D:1      | Reached XP level 3. HP: 29/29 MP: 3/3
  1342 | D:2      | Gained mutation: You have large cloven feet. [demonic
                  | ancestry]
  1342 | D:2      | Reached XP level 4. HP: 33/34 MP: 4/4
  1440 | D:2      | Noticed Sigmund
  1464 | D:2      | Slain by Sigmund

Illustrated notes

Levels and vault maps discovered:
D:1:      mushboom_english_gardens, layout_basic, serial_shops,
          nicolae_shop_statue_plus, minmay_small_reverse_x
D:2:      layout_loops_corners, basic_altar, uniq_sigmund
D:3:      layout_loops_ring, basic_ecumenical_altar
D:4:      layout_basic, grunt_gozag_breadcrumbs, nicolae_shop_i_like_big_books,
          uniq_pargi, uniq_pikel

Skill      XL: |  1  2 |
---------------+-------+-----
Armour         | 3 |  3.4
Shields        | 3 |  3.0
Axes           | 2 |  2.7
Fighting       | |  3.3
Throwing       | |  0.1
Dodging        | |  0.1
Stealth        | |  0.3

Action                   |  1- 3 |  4- 6 || total
-------------------------+-------+-------++-------
Melee: War axe           |    93 |    15 ||   108
       Kick              |       |     3 ||     3
Throw: Dart              |     9 |     1 ||    10
  Use: Scroll            |     1 |     1 ||     2
       Potion            |       |     1 ||     1
Armor: Scale mail        |    50 |     4 ||    54
Dodge: Dodged            |    46 |     1 ||    47
Block: Buckler           |    21 |     3 ||    24

Table legend: (Time is in decaauts)
 A = Elapsed time spent in this place.
 B = Non-inter-level travel time spent in this place.
 C = Inter-level travel time spent in this place.
 D = Time resting spent in this place.
 E = Time spent auto-exploring this place.
 F = Levels seen in this place.
 G = Mean time per level.
                   A        B        C        D        E       F      G
               +--------+--------+--------+--------+--------+-----+--------+
         Total |   1511 |   1483 |     28 |      0 |    930 |   4 |  377.8 |
       Dungeon |   1511 |   1483 |     28 |      0 |    930 |   4 |  377.8 |
               +--------+--------+--------+--------+--------+-----+--------+

Top non-repeatable levels by time:
     D:1: 944 daAuts
     D:2: 541 daAuts
     D:3: 24 daAuts
     D:4: 1 daAuts
